 Dungeon Crawl Stone Soup version 0.22-a0-322-g60b3cfd (webtiles) character file.

352510 4thArraOfDagon the Fencer (level 21, -2/153 HPs)
             Began as a Mummy Enchanter on Apr 3, 2018.
             Was an Initiate of Gozag.
             Slain by an ettin
             ... wielding a +0 great mace of flaming
              (15 damage)
             ... on level 2 of the Depths.
             The game lasted 02:48:38 (51501 turns).

4thArraOfDagon the Fencer (Mummy Enchanter)        Turns: 51501, Time: 02:48:38

Health: -2/153     AC: 38    Str:  8    XL:     21   Next: 31%
Magic:  25/25      EV:  7    Int: 28    God:    Gozag
Gold:   7261       SH:  0    Dex: 16    Spells: 6/25 levels left

rFire    . . .     SeeInvis +   A - +9 great sword (drain)
rCold    + + .     Gourm    .   (shield currently unavailable)
rNeg     + + +     Faith    .   E - +27 Lear's hauberk
rPois    ∞         Spirit   .   (helmet currently unavailable)
rElec    +         Reflect  .   q - scarf {repulsion}
rCorr    .         Harm     .   (gloves currently unavailable)
MR       ++...                  (boots currently unavailable)
Stlth    ..........             Y - amulet of the Enemy {RegenMP rC+ Str-3 Int+3 Dex+5}
HPRegen  0.35/turn              X - ring of Cuagaempo {Int+5 Dex-3 Slay+5 SInv}
MPRegen  0.44/turn              l - ring of Jos Bontie {rElec rPois rF+ Int-3 Slay+2}

@: gold aura, studying Long Blades, repel missiles
A: no food or potions, fire vulnerability, cold resistance 1, negative energy
resistance 3, torment resistance, unbreathing, in touch with death 1
}: 2/15 runes: decaying, serpentine
a: Potion Petition, Call Merchant, Bribe Branch, Renounce Religion


You were on level 2 of the Depths.
You worshipped Gozag.
Gozag was greatly pleased with you.
You were not hungry.

You visited 7 branches of the dungeon, and saw 37 of its levels.
You also visited: Ice Cave.

You collected 23927 gold pieces.
You spent 9078 gold pieces at shops.
You paid 7588 gold pieces to Gozag.

Inventory:

Hand Weapons
 e - the +8 storm bow {elec}
   (You bought it in a shop on level 2 of the Orcish Mines)

   It charges the ammunition it shoots with electricity; occasionally upon a
   hit, such missiles may discharge and cause terrible harm.
 z - the +0 great sword of Yfoask {vamp, rF+ Dex+3 SInv}
   (You found it in an ice cave)

   It inflicts no extra harm, but heals its wielder when it wounds a living foe.
   It affects your dexterity (+3).
   It protects you from fire.
   It lets you see invisible.
 A - a +9 great sword of draining (weapon)
Missiles
 d - 8 tomahawks of dispersal
 g - 723 arrows
 Z - a throwing net (quivered)
Armour
 f - a +2 pair of gloves
 q - a scarf of repulsion (worn)
 C - the +4 chain mail "Winaj" {rF+ rN+ SInv}
   (You bought it in a shop on level 12 of the Dungeon)

   It protects you from fire.
   It protects you from negative energy.
   It lets you see invisible.
 E - the +27 Lear's hauberk (worn)
   (You bought it in a shop on level 2 of the Orcish Mines)
 F - a +2 pair of gloves of strength
 S - a +0 helmet of see invisible
Magical Staves
 y - an uncursed staff of wizardry {!a}
Jewellery
 h - the ring of Egalitarianism {+Fly rC- Str+2 Slay+2}
   (You found it on level 3 of the Swamp)

   [ring of strength]

   It affects your strength (+2).
   It affects your accuracy and damage with ranged weapons and melee attacks
   (+2).
   It makes you vulnerable to cold.
   It lets you fly.
 l - the ring of Jos Bontie (right hand) {rElec rPois rF+ Int-3 Slay+2}
   (You bought it in a shop on level 2 of the Orcish Mines)

   [ring of protection from fire]

   It affects your intelligence (-3).
   It affects your accuracy and damage with ranged weapons and melee attacks
   (+2).
   It protects you from fire.
   It insulates you from electricity.
   It protects you from poison.
 m - the ring "Cuaricso" {Ice rElec Str+6}
   (You found it on level 1 of the Elven Halls)

   [ring of ice]

   It enhances your ice magic.
   It affects your strength (+6).
   It makes you vulnerable to fire.
   It protects you from cold.
   It insulates you from electricity.
 t - the ring of Divine Compulsion {+Fly MP+9 Slay+2}
   (You took it off Jory on level 2 of the Depths)

   [ring of flight]

   It affects your accuracy and damage with ranged weapons and melee attacks
   (+2).
   It affects your magic capacity (+9).
   It lets you fly.
 B - the ring "Huox" {Wiz rF+ MR+ Dex+2}
   (You took it off a deep elf blademaster on level 3 of the Elven Halls)

   [ring of wizardry]

   It improves your spell success rate.
   It affects your dexterity (+2).
   It protects you from fire.
   It affects your resistance to hostile enchantments.
 G - an uncursed ring of flight
 L - an uncursed ring of protection from cold
 X - the ring of Cuagaempo (left hand) {Int+5 Dex-3 Slay+5 SInv}
   (You bought it in a shop on level 2 of the Snake Pit)

   [ring of intelligence]

   It affects your intelligence (+5).
   It affects your dexterity (-3).
   It affects your accuracy and damage with ranged weapons and melee attacks
   (+5).
   It lets you see invisible.
 Y - the amulet of the Enemy (around neck) {RegenMP rC+ Str-3 Int+3 Dex+5}
   (You bought it in a shop on level 2 of the Snake Pit)

   [amulet of magic regeneration]

   It increases your magic regeneration.
   It affects your strength (-3).
   It affects your intelligence (+3).
   It affects your dexterity (+5).
   It protects you from cold.
Wands
 i - a wand of clouds (4)
 s - a wand of flame (37)
 I - a wand of polymorph (11)
 K - a wand of digging (32)
 M - a wand of paralysis (13)
 O - a wand of enslavement (11)
 P - a wand of disintegration (16)
 T - a wand of iceblast (20)
Scrolls
 b - a scroll of torment
 c - 17 scrolls of remove curse
 j - 8 scrolls of amnesia
 k - 6 scrolls of enchant weapon
 n - a scroll of noise
 o - a scroll of fear
 p - 3 scrolls of immolation
 r - 7 scrolls of magic mapping
 v - 4 scrolls of vulnerability
 w - 4 scrolls of identify
 x - 9 scrolls of fog
 D - 9 scrolls of teleportation
 H - a scroll of summoning {unknown}
 J - 3 scrolls of blinking
 N - 2 scrolls of enchant armour
 Q - a scroll of random uselessness
 W - 2 scrolls of silence
Books
 R - a manual of Long Blades
Miscellaneous
 a - a phial of floods
 u - a phantom mirror
 U - a lightning rod (4/4)


   Skills:
 - Level 10.2 Fighting
   Level 4.0(14.0) Short Blades
 - Level 19.9(20.0) Long Blades
 * Level 19.0 Bows
 - Level 9.2 Armour
 - Level 9.2 Dodging
 - Level 2.4 Stealth
 - Level 2.6 Spellcasting
 - Level 2.6 Hexes
 - Level 6.1 Evocations


You had 6 spell levels left.
You knew the following spells:

 Your Spells              Type           Power        Failure   Level  Hunger
a - Corona                Hex            ###....      88%         1    N/A
b - Ensorcelled Hibernat  Hex/Ice        ##....       99%         2    N/A
c - Confuse               Hex            ###.....     99%         3    N/A
d - Tukima's Dance        Hex            ###.....     99%         3    N/A
e - Lee's Rapid Deconstr  Erth           #.........   100%        5    N/A
f - Passwall              Tmut/Erth      #.........   100%        2    N/A
g - Portal Projectile     Hex/Tloc       ##....       100%        3    N/A

Dungeon Overview and Level Annotations

Branches:
Dungeon (15/15)            Temple (0/1) D:4            Lair (6/6) D:10
  Swamp (4/4) Lair:2        Snake (4/4) Lair:4        Slime (0/5) Lair:6
    Orc (2/2) D:10            Elf (3/3) Orc:2        Vaults (0/5) D:14
 Depths (3/5) D:15

Altars:
Dithmenos
Elyvilon
Gozag
Hepliaklqana
Kikubaaqudgha
Makhleb
Ru
Sif Muna
Trog
Vehumet
Zin
The Shining One
Beogh

Shops:
D:6 *   D:8 *   D:11 :   D:12 [[*   Orc:2 =*[(   Elf:3 *   Snake:2 =}=

Portals:
Hell: Depths:1
Pandemonium: Depths:2

Annotations:
D:3 tilp's ghost, amateur MfIE
D:4 exclusion: phantom
D:8 Paulus's ghost, novice MfGl
D:12 Erolcha
Swamp:4 Lernaean hydra
Snake:3 Mara


Innate Abilities, Weirdness & Mutations

You do not eat or drink.
Your flesh is vulnerable to fire.
You are immune to poison.
Your flesh is cold resistant. (rC+)
You are immune to negative energy. (rN+++)
You are immune to unholy pain and torment.
You can survive without breathing.
You are in touch with the powers of death.


Message History

The deep troll earth mage bites you but does no damage.
The deep troll earth mage claws you but does no damage. x2
You climb upwards.
There is a stone staircase leading down here.
Unknown command.
Unknown command.
Unknown command.
Unknown command.
Unknown command.
You chop the war gargoyle into pieces!!!
You destroy the war gargoyle!
Your Bows skill increases to level 19!
Unknown command.
Unknown command.
Unknown command.
The ettin hits you with a great mace of flaming!!
* * * LOW HITPOINT WARNING * * *
The ettin burns you!
You die...
Your body crumbles into a pile of gold.

..###..##.)≈≈≈.≈.....###
..# ##..#.∩)≈(......##
..# ##.#..≈≈≈.##....###
..# #.#..≈≈≈..##.....##
..# #.#...≈....#.#....#
####
##.#...≈...)[....###
'..###..#.............#
#####..##[.#..)....####
)###..##...##[).@..##
###..##....#....CT.<#
..'.##.......##.$..##
..###.........######
####....≈[...##
.........)..##
..........#..#
.............#
.........#####


You could see an ettin and a deep troll earth mage.

Vanquished Creatures
  Sojobo (Depths:1)
  A golden dragon (D:15)
  Jory (Depths:2)
  3 deep elf blademasters (Elf:3)
  A sphinx (Depths:2)
  3 deep elf master archers (Elf:3)
  Kirke (Lair:4)
  3 thorn hunters
  2 tengu reavers (Depths:1)
  11 nagarajas (Snake:4)
  7 deep elf sorcerers
  A frost giant (Depths:1)
  2 deep elf elementalists (Elf:3)
  3 orc warlords
  A very ugly thing (Depths:2)
  A war gargoyle (Depths:2)
  A stone giant (Depths:2)
  5 deep elf annihilators (Elf:3)
  6 vampire knights (Depths:2)
  4 deep elf demonologists
  Azrael (Orc:2)
  The ghost of Amnesiac the Thaumaturge, a journeyman GnAE of Ashenzari (Orc:1)
  4 deep elf death magi
  5 jiangshi (Depths:2)
  Josephine (D:11)
  4 fire dragons
  5 ettins
  A yaktaur captain (Depths:2)
  5 deep elf high priests (Elf:3)
  3 great orbs of eyes
  6 vault guards (D:14)
  18 hydras
  5 ice dragons
  2 ogre magi
  2 rakshasas
  A catoblepas (D:10)
  7 naga warriors
  17 alligators
  The ghost of Karim the Covert, a journeyman GnAs of Hepliaklqana (D:11)
  A ghost crab (Swamp:4)
  21 anacondas
  12 two-headed ogres
  4 centaur warriors
  3 tengu warriors (D:15)
  12 death yaks (Lair:6)
  4 deep troll shamans
  2 vampire magi (Depths:2)
  Urug (D:12)
  7 deep troll earth magi
  10 naga sharpshooters
  14 deep elf knights
  A spriggan berserker (Depths:2)
  4 orc high priests
  4 shock serpents
  A salamander mystic (Snake:3)
  3 iron trolls (Depths:2)
  18 deep trolls
  2 unseen horrors
  A spriggan druid (Swamp:4)
  2 shadow demons (Depths:1)
  A flayed ghost (Depths:2)
  18 deep elf archers
  11 swamp dragons
  A necromancer (D:15)
  Pikel (D:4)
  3 wizards
  2 lindwurms (Lair:6)
  5 orc knights
  11 mana vipers
  6 phantasmal warriors (Depths:2)
  6 naga ritualists
  4 fire giant zombies (Depths:2)
  7 orc sorcerers
  67 deep elf magi
  3 frost giant zombies (Depths:2)
  A cyclops (shapeshifter) (Depths:1)
  3 cyclopes
  13 salamanders
  3 manticores
  A salamander (shapeshifter) (D:15)
  17 ugly things
  An oklob plant (Lair:4)
  An ice statue (IceCv)
  16 guardian serpents
  25 naga magi
  30 black mambas
  16 elephants (Lair:5)
  4 centaur zombies
  A gargoyle (D:15)
  6 torpor snails
  14 spiny frogs
  3 rime drakes
  3 kobold demonologists
  6 yaktaurs
  2 freezing wraiths (D:15)
  3 tengu conjurers
  13 komodo dragons
  A yaktaur (shapeshifter) (Elf:3)
  8 trolls
  19 tyrant leeches
  27 polar bears
  42 slime creatures
  7 blink frogs
  15 hornets
  10 hippogriffs
  4 dream sheep (Lair:5)
  4 raiju
  6 bog bodies
  A centaur simulacrum (D:15)
  5 flying skulls (Depths:2)
  9 water elementals
  Sigmund (D:2)
  4 air elementals
  51 yaks
  6 wraiths
  7 spriggans
  2 shadows
  4 fire elementals
  5 basilisks
  3 wyverns
  A hungry ghost (D:7)
  A steam dragon (D:8)
  6 hogs (Lair:4)
  21 vampire mosquitoes
  21 insubstantial wisps (Swamp:1)
  23 wargs
  42 nagas
  An acid dragon (D:9)
  19 swamp worms
  24 hell hounds
  11 porcupines
  18 water moccasins
  6 sky beasts
  12 swamp drakes
  A slave (D:4)
  A black bear (shapeshifter) (Depths:2)
  38 orc warriors
  12 black bears
  2 eyes of draining
  11 ice beasts
  A necrophage (D:12)
  10 boggarts (Depths:1)
  17 centaurs
  28 wolves
  15 ogres
  13 crocodiles
  3 big kobolds
  13 bullfrogs
  3 wyvern zombies
  3 earth elementals
  5 scorpions
  19 killer bees
  4 electric eels
  4 howler monkeys
  A spectral wolf (Depths:2)
  5 wights
  3 bullfrog zombies
  5 crimson imps
  2 jellies (Lair:6)
  A quasit (D:9)
  2 gnoll shamans
  26 orc wizards
  3 bullfrog skeletons
  8 centaur skeletons
  21 orc priests
  4 hounds
  An iron imp (D:3)
  4 iguanas
  Ijyb (D:5)
  9 worker ants
  A hound skeleton (D:4)
  Robin (D:4)
  12 gnolls
  16 adders
  3 shadow imps
  7 oozes
  3 adder skeletons
  3 worms (D:3)
  2 dart slugs
  8 leopard geckos
  123 orcs
  3 giant cockroaches
  14 goblins
  18 hobgoblins
  10 jackals
  16 kobolds
  A quokka (D:8)
  2 ball pythons (Lair:4)
  7 bats
  5 frilled lizards
  A jackal skeleton (D:5)
  A leopard gecko skeleton (D:5)
  A leopard gecko zombie (D:6)
  12 rats
  2 plants (Lair:6)
1620 creatures vanquished.

Vanquished Creatures (collateral kills)
  A rime drake (Lair:6)
1 creature vanquished.

Vanquished Creatures (others)
  29 dancing weapons
  2 deep elf magi
  Maurice (D:8)
  A guardian serpent (Snake:3)
  A blink frog (Lair:6)
  A black bear (Lair:6)
  An orc priest (Orc:2)
  A leopard gecko skeleton (D:8)
  2 bushes
  A butterfly (Lair:6)
  42 fungi
  67 plants
149 creatures vanquished.

Grand Total: 1770 creatures vanquished

Notes
Turn   | Place    | Note
-------+----------+-------------------------------------------
     0 | D:1      | 4thArraOfDagon the Mummy Enchanter began the quest for the Orb.
     0 | D:1      | Reached XP level 1. HP: 13/13 MP: 4/4
    93 | D:1      | Reached skill level 1 in Short Blades
   287 | D:1      | Reached XP level 2. HP: 4/19 MP: 0/5
   293 | D:1      | Learned a level 2 spell: Ensorcelled Hibernation
   374 | D:2      | Noticed Sigmund
   483 | D:2      | Found a deep blue altar of Sif Muna.
   483 | D:2      | Found a white marble altar of Elyvilon.
   629 | D:3      | Noticed tilp's ghost (amateur MfIE)
   770 | D:2      | Found an opulent altar of Gozag.
   781 | D:2      | Became a worshipper of Gozag Ym Sagoz the Greedy
  1028 | D:1      | Reached XP level 3. HP: 24/24 MP: 1/7
  1116 | D:1      | Learned a level 3 spell: Confuse
  1959 | D:3      | Found a hazy altar of Hepliaklqana.
  1975 | D:3      | Reached XP level 4. HP: 29/30 MP: 4/8
  2272 | D:4      | Noticed Robin
  2311 | D:4      | Killed Robin
  2483 | D:4      | Reached XP level 5. HP: 27/35 MP: 0/9
  2512 | D:4      | Noticed a slave
  2654 | D:3      | Learned a level 3 spell: Tukima's Dance
  2780 | D:3      | Reached skill level 1 in Fighting
  2824 | D:3      | Found a burning altar of Makhleb.
  2883 | D:3      | Reached skill level 1 in Armour
  3073 | D:4      | Reached XP level 6. HP: 42/44 MP: 10/10
  3159 | D:4      | Found a staircase to the Ecumenical Temple.
  3858 | D:2      | Killed Sigmund
  3858 | D:2      | Reached XP level 7. HP: 43/51 MP: 0/11
  4003 | D:4      | Noticed Pikel
  4334 | D:4      | Found a bloodstained altar of Trog.
  4418 | D:5      | Entered Level 5 of the Dungeon
  4793 | D:5      | Reached XP level 8. HP: 19/60 MP: 4/12
  5235 | D:5      | Noticed Ijyb
  5248 | D:5      | Killed Ijyb
  5417 | D:4      | Killed Pikel
  5417 | D:4      | Reached skill level 5 in Fighting
  5417 | D:4      | Reached skill level 5 in Dodging
  6070 | D:6      | Reached skill level 5 in Armour
  6070 | D:6      | Reached XP level 9. HP: 58/69 MP: 4/13
  6197 | D:6      | Found Zin's Purification Station.
  6200 | D:6      | Found a glowing silver altar of Zin.
  6648 | D:7      | Found a sacrificial altar of Ru.
  7215 | D:8      | Found a radiant altar of Vehumet.
  7215 | D:8      | Noticed Paulus's ghost (novice MfGl)
  7468 | D:8      | Killed Maurice
  7683 | D:8      | Found Cinek's General Store.
  7691 | D:8      | Bought a scroll of identify for 24 gold pieces
  7814 | D:9      | HP: 2/72 [killer bee (6)]
  8195 | D:9      | Noticed a manticore
  8214 | D:9      | Reached XP level 10. HP: 38/80 MP: 12/14
  8428 | D:9      | Found a shadowy altar of Dithmenos.
  8476 | D:10     | Entered Level 10 of the Dungeon
  8492 | D:10     | Found a staircase to the Orcish Mines.
  8493 | D:10     | Noticed a two-headed ogre
  8508 | D:10     | Killed a two-headed ogre
 10052 | D:9      | Killed a manticore
 10382 | D:10     | Noticed a cyclops
 10392 | D:10     | Reached XP level 11. HP: 58/89 MP: 15/15
 10406 | D:10     | Noticed a two-headed ogre
 10424 | D:10     | Killed a two-headed ogre
 10464 | D:10     | Noticed a catoblepas
 11557 | D:10     | Found a staircase to the Lair.
 11768 | D:10     | Reached skill level 10 in Fighting
 11977 | D:10     | Noticed an orc knight
 12163 | D:11     | Noticed a red ugly thing
 12356 | D:10     | Got a steaming great sword {slice}
 12361 | D:10     | Identified the +8 great sword of Exquisite Death {slice, Fragile rN+ Int+3 Stlth+} (You took it off a yaktaur on level 10 of the Dungeon)
 12860 | D:10     | Reached skill level 1 in Long Blades
 13067 | D:10     | Noticed an orc warlord
 13285 | D:9      | Identified a scroll of acquirement
 13376 | D:10     | Killed an orc knight
 13474 | D:11     | Noticed Karim's ghost (journeyman GnAs)
 13927 | D:10     | Noticed a sixfirhy
 14167 | D:11     | Got a smoking robe
 14186 | D:11     | Identified the cursed +1 robe of Ukeapp {Str+4 Int+4} (You found it on level 11 of the Dungeon)
 14192 | D:11     | Found Cozeics's Book Shoppe.
 14227 | D:12     | Noticed Urug
 14279 | D:12     | Found a frozen archway.
 14341 | IceCv    | Entered an ice cave
 14350 | IceCv    | Reached skill level 5 in Long Blades
 14408 | IceCv    | Reached XP level 12. HP: 48/97 MP: 16/16
 15607 | IceCv    | Noticed a frost giant
 15670 | IceCv    | Got a scorched great sword
 15719 | IceCv    | Identified the cursed +0 great sword of Yfoask {vamp, rF+ Dex+3 SInv} (You found it in an ice cave)
 16058 | D:11     | Noticed Josephine
 16190 | D:12     | Noticed Erolcha
 16201 | D:12     | Bought a sapphire-encrusted plate armour for 924 gold pieces
 16201 | D:12     | Bought a spiked chain mail for 313 gold pieces
 16201 | D:12     | Identified the +1 plate armour "Ofolaic" {*Slow rPois rC+ MP+9} (You bought it in a shop on level 12 of the Dungeon)
 16202 | D:12     | Identified the +4 chain mail "Winaj" {rF+ rN+ SInv} (You bought it in a shop on level 12 of the Dungeon)
 16237 | D:12     | Bought a scroll of identify for 50 gold pieces
 16680 | D:12     | Found a roughly hewn altar of Beogh.
 16835 | D:12     | Killed Urug
 16953 | D:13     | Noticed a centaur warrior
 16956 | D:13     | Killed a centaur warrior
 16956 | D:13     | Reached skill level 10 in Long Blades
 17111 | D:13     | Noticed a two-headed ogre
 17123 | D:13     | Killed a two-headed ogre
 17123 | D:13     | Gained mutation: You are in touch with the powers of death. [Mummy growth]
 17123 | D:13     | Reached XP level 13. HP: 77/103 MP: 12/17
 18232 | D:14     | Found a gate to the Vaults.
 18414 | D:14     | Found a glowing golden altar of the Shining One.
 18795 | D:11     | Killed Josephine
 18904 | D:11     | Killed Karim's ghost
 19004 | Orc:1    | Entered Level 1 of the Orcish Mines
 19060 | Orc:2    | Entered Level 2 of the Orcish Mines
 19098 | Orc:2    | Noticed Azrael
 19412 | Orc:1    | Noticed Amnesiac's ghost (journeyman GnAE)
 19546 | Orc:2    | RIP?
 19562 | Orc:2    | Killed Azrael
 20781 | Orc:2    | Noticed an orc warlord
 20808 | Orc:2    | Killed an orc warlord
 20808 | Orc:2    | Reached XP level 14. HP: 60/110 MP: 18/18
 20826 | Orc:2    | Found a roughly hewn altar of Beogh.
 20831 | Orc:2    | Noticed an orc warlord
 20868 | Orc:2    | Killed an orc warlord
 20995 | Orc:2    | Found Gufent's Antique Armour Boutique.
 21022 | Orc:2    | Found Qurrahiy's Antique Weapon Boutique.
 21054 | Orc:2    | Found Tiq Iguf's Jewellery Boutique.
 21070 | Orc:2    | Found Juefuw's General Store.
 21117 | Orc:2    | Found a staircase to the Elven Halls.
 21178 | Orc:2    | Bought the ring of Jos Bontie {rElec rPois rF+ Int-3 Slay+2} for 634 gold pieces
 21306 | Lair:1   | Entered Level 1 of the Lair of Beasts
 21762 | Lair:2   | Found a staircase to the Swamp.
 22696 | Lair:4   | Found a staircase to the Snake Pit.
 22803 | Lair:4   | Noticed Kirke
 22860 | Lair:4   | Killed Kirke
 23203 | Lair:4   | Found a glowing silver altar of Zin.
 23433 | Lair:5   | Reached skill level 15 in Long Blades
 23956 | Lair:6   | Entered Level 6 of the Lair of Beasts
 24000 | Lair:6   | Found a staircase to the Slime Pits.
 24210 | Lair:6   | Reached XP level 15. HP: 101/115 MP: 19/19
 24333 | Lair:6   | Found a runed door.
 26976 | Orc:2    | Bought the +27 Lear's hauberk for 3642 gold pieces
 26976 | Orc:2    | Found the +27 Lear's hauberk
 27044 | Elf:1    | Entered Level 1 of the Elven Halls
 28399 | Elf:1    | Got a brightly glowing turquoise ring
 28405 | Elf:1    | Identified the ring "Cuaricso" {Ice rElec Str+6} (You found it on level 1 of the Elven Halls)
 28437 | Elf:1    | Noticed a deep elf sorcerer
 28457 | Elf:1    | Killed a deep elf sorcerer
 28457 | Elf:1    | Reached XP level 16. HP: 106/122 MP: 20/20
 28683 | Elf:1    | Identified the Almanac of Confrontation and the Entourage
 30299 | Elf:2    | Found a huge runed gate.
 30299 | Elf:2    | Found a huge runed gate.
 30300 | Elf:2    | Found a huge runed gate.
 30323 | Elf:2    | Found a huge runed gate.
 30328 | Elf:2    | Found a huge runed gate.
 30584 | Elf:3    | Entered Level 3 of the Elven Halls
 30609 | Elf:3    | Found Ocrasto's Assorted Antiques.
 30625 | Elf:3    | Bought a glittering brass ring for 180 gold pieces
 30625 | Elf:3    | Bought a scroll of identify for 72 gold pieces
 30625 | Elf:3    | Bought an encrusted ring mail for 324 gold pieces
 30625 | Elf:3    | Identified the +2 ring mail of Weirdness {rC++} (You bought it in a shop on level 3 of the Elven Halls)
 30626 | Elf:3    | Identified the ring "Ygate" {AC+3 Int-3 Dex+3} (You bought it in a shop on level 3 of the Elven Halls)
 30654 | Elf:3    | Found a deep blue altar of Sif Muna.
 31124 | Elf:3    | Identified the cursed +0 chain mail "Seihiad" {Dex+3} (You found it on level 3 of the Elven Halls)
 32035 | Elf:3    | Noticed a deep elf master archer
 32072 | Elf:3    | Killed a deep elf master archer
 32091 | Elf:3    | Noticed a deep elf master archer
 32102 | Elf:3    | Killed a deep elf master archer
 32102 | Elf:3    | Reached skill level 1 in Evocations
 32102 | Elf:3    | Reached XP level 17. HP: 57/128 MP: 9/21
 32341 | Elf:3    | Noticed a deep elf master archer
 32343 | Elf:3    | Noticed a deep elf blademaster
 32352 | Elf:3    | Killed a deep elf master archer
 32362 | Elf:3    | Killed a deep elf blademaster
 32702 | Elf:3    | Noticed a deep elf blademaster
 32726 | Elf:3    | Killed a deep elf blademaster
 32732 | Elf:3    | Got a pitted lapis lazuli ring
 32741 | Elf:3    | Identified the ring "Huox" {Wiz rF+ MR+ Dex+2} (You took it off a deep elf blademaster on level 3 of the Elven Halls)
 33007 | Elf:3    | Got a crystal great sword {slice}
 33016 | Elf:3    | Reached skill level 5 in Evocations
 33021 | Elf:3    | Identified the cursed +2 great sword "Fidazipika" {slice, Dex+2} (You took it off a deep elf annihilator on level 3 of the Elven Halls)
 33311 | Elf:3    | Noticed a deep elf blademaster
 33332 | Elf:3    | Killed a deep elf blademaster
 33810 | Elf:3    | Identified Sourount's Collected Works on Burning Weightlessness
 33854 | Elf:3    | Noticed a Hell Sentinel
 33895 | Elf:3    | Identified the Guide on Hexes
 33905 | Elf:3    | Got a smoking arbalest
 33986 | Elf:3    | Identified the +9 arbalest of Inflation {penet, rF- Dex+3} (You found it on level 3 of the Elven Halls)
 34232 | Elf:2    | Reached skill level 1 in Bows
 34762 | Elf:2    | Reached skill level 5 in Bows
 35258 | Elf:3    | Got a glittering copper amulet
 35260 | Elf:3    | Identified the amulet "Causabru" {+Rage rPois rC+ Dex+4} (You took it off a deep elf sorcerer on level 3 of the Elven Halls)
 35489 | Orc:2    | Bought the +8 storm bow {elec} for 1280 gold pieces
 35489 | Orc:2    | Found the +8 storm bow {elec}
 35876 | Orc:1    | Killed Amnesiac's ghost
 36194 | D:10     | 4thArraOfDagon: ??storm bow
 36194 | D:10     | beem: storm bow[1/1]: Unrandart +8 longbow of electrocution, sometimes creates rain clouds while wielded.
 36237 | Swamp:1  | Entered Level 1 of the Swamp
 36427 | Swamp:1  | Reached XP level 18. HP: 44/135 MP: 8/22
 36595 | Swamp:1  | Got a polished leather armour
 36964 | Swamp:1  | hmm
 37314 | Swamp:2  | Learned a level 5 spell: Lee's Rapid Deconstruction
 37317 | Swamp:2  | Learned a level 2 spell: Passwall
 38192 | Swamp:3  | Identified the +0 leather armour "Jueh" {MR+ rCorr} (You found it on level 1 of the Swamp)
 38492 | Swamp:3  | Identified the ring of Egalitarianism {+Fly rC- Str+2 Slay+2} (You found it on level 3 of the Swamp)
 38573 | Swamp:3  | Reached skill level 10 in Bows
 38608 | Swamp:3  | HP: 6/135 [thorn hunter (5)]
 38842 | Swamp:4  | Entered Level 4 of the Swamp
 39520 | Swamp:4  | Learned a level 3 spell: Portal Projectile
 39853 | Swamp:4  | Noticed the 27-headed Lernaean hydra
 40204 | Swamp:4  | Got a decaying rune of Zot
 40377 | Snake:1  | Entered Level 1 of the Snake Pit
 41349 | Snake:2  | Reached XP level 19. HP: 119/140 MP: 19/23
 41546 | Snake:2  | Found Juavuq's Jewellery Boutique.
 41548 | Snake:2  | Found Litaom's Gadget Shoppe.
 41549 | Snake:2  | Found Zaten's Jewellery Boutique.
 41558 | Snake:2  | Bought the ring of Cuagaempo {Int+5 Dex-3 Slay+5 SInv} for 872 gold pieces
 41562 | Snake:2  | Bought the amulet of the Enemy {RegenMP rC+ Str-3 Int+3 Dex+5} for 763 gold pieces
 42355 | Snake:3  | Noticed Mara
 42356 | Snake:3  | Noticed 4thArraOfDagon's illusion
 43374 | Snake:4  | Entered Level 4 of the Snake Pit
 44737 | Snake:4  | Reached skill level 15 in Bows
 45120 | Snake:4  | Got a serpentine rune of Zot
 45337 | Lair:2   | Reached XP level 20. HP: 110/147 MP: 24/24
 45712 | D:14     | You fall through a shaft!
 45712 | D:15     | Entered Level 15 of the Dungeon
 46463 | D:15     | Found a staircase to the Depths.
 46498 | Depths:1 | Entered Level 1 of the Depths
 46501 | Depths:1 | Identified the +6 ring mail of the Game of Life {Dex+2} (You found it on level 1 of the Depths)
 47719 | Depths:1 | HP: 3/147 [frost giant/bolt of cold (10)]
 48588 | Depths:1 | Found a gateway to Hell.
 48634 | Depths:1 | Noticed Sojobo
 48696 | Depths:1 | Killed Sojobo
 48952 | Depths:1 | Found a deep blue altar of Sif Muna.
 49293 | Depths:1 | Identified the amulet "Xudghoido" {RegenMP MR+ Dex+4} (You found it on level 1 of the Depths)
 49358 | Depths:2 | Noticed a golden dragon
 49763 | D:15     | Killed a golden dragon
 50550 | Depths:2 | Reached XP level 21. HP: 102/153 MP: 25/25
 50672 | Depths:2 | Found a one-way gate leading to the halls of Pandemonium.
 50994 | Depths:2 | Noticed Jory
 51273 | Depths:2 | Killed Jory
 51319 | Depths:2 | Identified the ring of Divine Compulsion {+Fly MP+9 Slay+2} (You took it off Jory on level 2 of the Depths)
 51423 | Depths:2 | Found an ancient bone altar of Kikubaaqudgha.
 51501 | Depths:2 | Slain by an ettin

Vault maps used:
D:1:      nicolae_arrival_memento_mori
D:2:      gammafunk_temple_overflow_pools,
          nicolae_gozag_cash_rules_everything_around_me,
          minmay_tree_intersection, uniq_sigmund
D:3:      demons_altar, lemuel_crystal_altar, first_ration
D:4:      temple_green, trog_hazing_becter, uniq_pikel, uniq_robin
D:5:      uniq_ijyb
D:6:      zin_purify
D:7:      kennysheep_little_box
D:8:      fiery_altar_vehumet, serial_shops, shop, uniq_maurice
D:9:      grunt_dithmenos_smoke_and_mirrors, blue_anna_alchemist,
          nicolae_lava_and_water, corexii_leaking_fountain
D:10:     lemuel_castle_with_subvaults, grunt_lair_entry_orc_guard_hut,
          minmay_pinched_square
D:11:     serial_shops, nicolae_shop_competitors_out_of_business, uniq_josephine
D:12:     portal_ice_cave_entry_ice_beasts, minmay_statues_item, uniq_erolcha,
          uniq_urug
D:14:     erik_vaults_2, kennysheep_cross_bottleneck, basic_altar,
          kennysheep_generic_room_14
D:15:     grunt_enter_depths_magical_seal
Lair:1:   dragon1_lemuel, lemuel_fruit_fields
Lair:2:   swamp_mist_pool
Lair:3:   grunt_megastairs_1
Lair:4:   minmay_snake_entry_six_corridors, lemuel_oklob_altar,
          infiniplex_staircase_pool, uniq_kirke
Lair:6:   hangedman_lair_caniforms_friends, wormcave,
          nicolae_slime_entry_slimehenge, grunt_forest_small_clearings,
          lemuel_fruit_tree, lemuel_fruit_fields
Swamp:1:  nicolae_swamp_trees_clearing
Swamp:2:  hangedman_swamp_cone
Swamp:3:  nicolae_swamp_godswood
Swamp:4:  swamp_old_school
Snake:2:  nrook_guardian_serpent_snake_passage, library_closet,
          grunt_ministairs_11, minmay_shop_grove
Snake:3:  uniq_mara
Snake:4:  grunt_snake_rune_serpentine_throne
Orc:2:    grunt_orc_cross, uniq_azrael
Elf:1:    minmay_elf_arrival_circle, minmay_elf_sorcery
Elf:3:    minmay_elf_hall_furrowed, serial_shops, shop_statue, basic_altar
Depths:1: hell_entry, minmay_misc_feat_x, hangedman_summoners_spam,
          grunt_megastairs_5, uniq_sojobo
Depths:2: lemuel_vampire_tower, pan_entry, pf_hell_entry_tar_spiral,
          glass_columns_b
Depths:3: hangedman_crystal_crosses_colossus, pan_entry, hell_entry
IceCv:    ice_cave_small_giant

Skill      XL: |  1  2  3  4  5  6  7  8  9 10 11 12 13 14 15 16 17 18 19 20 21 |
---------------+----------------------------------------------------------------+-----
Short Blades   | 1 2 3 4 |  4.0
Fighting       | 1 2 4 6 7 9 10 | 10.2
Dodging        | 2 3 4 5 6 8 9 |  9.2
Armour         | 1 2 3 5 6 7 9 |  9.2
Long Blades    | 5 10 13 15 18 19 | 19.9
Evocations     | 1 6 |  6.1
Bows           | 7 12 15 18 19 | 19.0
Stealth        | |  2.4
Spellcasting   | |  2.6
Hexes          | |  2.6

Action                   |  1- 3 |  4- 6 |  7- 9 | 10-12 | 13-15 | 16-18 | 19-21 || total
-------------------------+-------+-------+-------+-------+-------+-------+-------++-------
Melee: Dagger            |   126 |   170 |    64 |       |       |       |       ||   360
       Scythe            |       |       |   300 |   455 |       |       |       ||   755
       Great sword       |       |       |       |   530 |  1788 |  1386 |   757 ||  4461
 Fire: Longbow           |       |       |       |       |       |   326 |  1035 ||  1361
Throw: Throwing net      |       |       |     2 |     2 |       |       |     1 ||     5
 Cast: Corona            |    12 |    11 |     9 |    29 |     1 |       |       ||    62
       Ensorcelled Hiber |     7 |    31 |    39 |       |       |       |       ||    77
       Confuse           |       |     5 |     9 |       |       |       |       ||    14
Invok: Potion Petition   |       |       |       |     3 |     7 |     1 |     3 ||    14
       Call Merchant     |       |       |       |     3 |       |       |       ||     3
Evoke: Wand              |       |     2 |    26 |    28 |    32 |    16 |    15 ||   119
       Phial of floods   |       |       |       |       |     2 |     1 |       ||     3
       Sack of spiders   |       |       |       |       |       |       |     2 ||     2
       Phantom mirror    |       |       |       |       |       |       |     1 ||     1
  Use: Scroll            |     6 |     2 |     7 |    20 |     8 |    19 |    13 ||    75
 Stab: Sleeping          |    15 |    18 |    18 |     1 |       |       |       ||    52
       Distracted        |       |     1 |     2 |     8 |    14 |     8 |     4 ||    37
       Confused          |       |     2 |     2 |       |       |       |       ||     4
       Held in net/web   |       |       |       |     1 |       |       |       ||     1
       Invisible         |       |       |       |     7 |     7 |       |       ||    14
Armor: Robe              |    27 |    38 |    70 |       |       |       |       ||   135
       Scale mail        |       |       |   183 |   689 |       |       |       ||   872
       Chain mail        |       |       |       |   117 |  1062 |  1145 |   932 ||  3256
Dodge: Dodged            |    73 |   104 |   394 |  1139 |   887 |   649 |   361 ||  3607
       Deflected         |       |       |       |       |       |       |    26 ||    26
       Rpst.: Great sword |       |       |       |   123 |   220 |   117 |    51 ||   511

Table legend:
 A = Spawn XP
 B = Non-spawn XP
 C = Spawn XP percentage of total XP
 D = Spawn monster count
 E = Non-spawn monster count
 F = Spawn count percentage of total count
 G = Total turns spent on level
                    A         B        C        D         E        F      G
               +---------+---------+-------+---------+---------+-------+---------
         Total |       0 |  623775 |   0.0 |       0 |    1650 |   0.0 | 51501
               +---------+---------+-------+---------+---------+-------+---------
           D:1 |       0 |      41 |   0.0 |       0 |      24 |   0.0 |  1069
           D:2 |       0 |     264 |   0.0 |       0 |      17 |   0.0 |   954
           D:3 |       0 |     208 |   0.0 |       0 |      29 |   0.0 |  1176
           D:4 |       0 |    1066 |   0.0 |       0 |      39 |   0.0 |  1276
           D:5 |       0 |     865 |   0.0 |       0 |      25 |   0.0 |  1380
           D:6 |       0 |     762 |   0.0 |       0 |      22 |   0.0 |   580
           D:7 |       0 |     901 |   0.0 |       0 |      14 |   0.0 |   896
           D:8 |       0 |    1397 |   0.0 |       0 |      31 |   0.0 |  1092
           D:9 |       0 |    4586 |   0.0 |       0 |      38 |   0.0 |  2274
          D:10 |       0 |   10117 |   0.0 |       0 |      99 |   0.0 |  3396
          D:11 |       0 |    6927 |   0.0 |       0 |      36 |   0.0 |   803
          D:12 |       0 |    6824 |   0.0 |       0 |      60 |   0.0 |   985
          D:13 |       0 |    7330 |   0.0 |       0 |      33 |   0.0 |  1093
          D:14 |       0 |   11500 |   0.0 |       0 |      29 |   0.0 |   811
          D:15 |       0 |   24037 |   0.0 |       0 |      49 |   0.0 |  2191
        Lair:1 |       0 |    7341 |   0.0 |       0 |      26 |   0.0 |   697
        Lair:2 |       0 |    2402 |   0.0 |       0 |      10 |   0.0 |   529
        Lair:3 |       0 |    2671 |   0.0 |       0 |       9 |   0.0 |   537
        Lair:4 |       0 |    9611 |   0.0 |       0 |      38 |   0.0 |  1009
        Lair:5 |       0 |   12269 |   0.0 |       0 |      36 |   0.0 |   739
        Lair:6 |       0 |   34154 |   0.0 |       0 |     123 |   0.0 |  2362
       Swamp:1 |       0 |   21381 |   0.0 |       0 |      58 |   0.0 |  1097
       Swamp:2 |       0 |    9777 |   0.0 |       0 |      36 |   0.0 |   791
       Swamp:3 |       0 |   11227 |   0.0 |       0 |      30 |   0.0 |   785
       Swamp:4 |       0 |   32068 |   0.0 |       0 |      55 |   0.0 |  1421
       Snake:1 |       0 |   14685 |   0.0 |       0 |      29 |   0.0 |   918
       Snake:2 |       0 |   18461 |   0.0 |       0 |      33 |   0.0 |  1089
       Snake:3 |       0 |   11515 |   0.0 |       0 |      25 |   0.0 |  1063
       Snake:4 |       0 |   69448 |   0.0 |       0 |     107 |   0.0 |  1803
         Orc:1 |       0 |    9409 |   0.0 |       0 |      28 |   0.0 |   547
         Orc:2 |       0 |   23271 |   0.0 |       0 |      98 |   0.0 |  3308
         Elf:1 |       0 |   26354 |   0.0 |       0 |      42 |   0.0 |  2243
         Elf:2 |       0 |   42708 |   0.0 |       0 |      59 |   0.0 |  2060
         Elf:3 |       0 |   63697 |   0.0 |       0 |      64 |   0.0 |  3288
      Depths:1 |       0 |   38632 |   0.0 |       0 |      53 |   0.0 |  1922
      Depths:2 |       0 |   77764 |   0.0 |       0 |     111 |   0.0 |  1593
         IceCv |       0 |    8105 |   0.0 |       0 |      35 |   0.0 |  1705
               +---------+---------+-------+---------+---------+-------+---------
